 Dungeon Crawl Stone Soup version 0.20.1-1-g8b1a95d (webtiles) character file.

345 Linguinho the Gusty (level 6, 0/47 HPs)
             Began as a Draconian Air Elementalist on Oct 30, 2017.
             Slain by a gnoll
             ... wielding a cursed -1 club
              (4 damage)
             ... on level 3 of the Dungeon.
             The game lasted 00:11:22 (3647 turns).

Linguinho the Gusty (Draconian Air Elementalist)    Turns: 3647, Time: 00:11:23

Health: 0/47       AC:  9    Str: 10    XL:     6   Next: 32%
Magic:  5/11       EV: 12    Int: 17    God:
Gold:   162        SH:  0    Dex: 12    Spells: 5/11 levels left

rFire    . . .     SeeInvis .   f - +0 club
rCold    . . .     Gourm    .   (no shield)
rNeg     . . .     Faith    .   (armour unavailable)
rPois    .         Spirit   .   (helmet restricted)
rElec    .         Reflect  .   (no cloak)
rCorr    .         Harm     .   (no gloves)
MR       .....                  c - +2 pair of boots
Stlth    ++........             (no amulet)
Regen    0.2/turn               (no ring)
MPRegen  0.2/turn               (no ring)

@: no status effects
A: unfitting armour, cold-blooded, AC +6
a: no special abilities


You were on level 3 of the Dungeon.
You were very hungry.

You visited 1 branch of the dungeon, and saw 3 of its levels.

You collected 162 gold pieces.

Inventory:

Hand Weapons
 f - a +0 club (weapon)
Armour
 c - a +2 pair of boots (worn)
 e - a +0 pair of gloves
Scrolls
 h - a scroll of enchant armour {unknown}
 i - a scroll of immolation {unknown}
 k - a scroll of remove curse {unknown}
 l - a scroll of amnesia {unknown}
 m - 2 scrolls of magic mapping {unknown}
 o - a scroll of teleportation {unknown}
 q - a scroll of identify {unknown}
 r - a scroll of noise {unknown}
Potions
 d - 2 potions of lignification {unknown}
 j - a potion of degeneration {unknown}
 n - a potion of might {unknown}
Books
 a - a book of Air

   Spells                             Type                      Level
   a - Shock                          Conjuration/Air              1
   b - Swiftness                      Charms/Air                   2
   c - Static Discharge               Conjuration/Air              3
   d - Airstrike                      Air                          4
   e - Lightning Bolt                 Conjuration/Air              5
Comestibles
 b - 3 bread rations
 g - a royal jelly
 p - 3 meat rations
 s - a fruit


   Skills:
 + Level 1.5 Fighting
 + Level 1.7 Maces & Flails
 - Level 2.0 Dodging
 - Level 1.7 Stealth
 - Level 0.4 Unarmed Combat
 + Level 3.4 Spellcasting
 + Level 2.8 Conjurations
 + Level 4.8 Air Magic


You had 5 spell levels left.
You knew the following spells:

 Your Spells              Type           Power        Failure   Level  Hunger
a - Shock                 Conj/Air       ###.         3%          1    None
b - Swiftness             Chrm/Air       ##......     10%         2    ##.....
c - Static Discharge      Conj/Air       ###.....     11%         3    ###....


Dungeon Overview and Level Annotations

Branches:
Dungeon (3/15)

Altars:

Annotations:
D:3 Jazqa's ghost, amateur BaFi


Innate Abilities, Weirdness & Mutations

Your plain brown scales are hard. (AC +6)
You cannot fit into any form of body armour.
You are cold-blooded and may be slowed by cold attacks.


Message History

* * * LOW HITPOINT WARNING * * *
The lightning grounds out.
The gnoll closely misses you.
Casting: Static Discharge
Confirm with . or Enter, or press ? or * to list all spells.
Aiming: Shock
Press: ? - help, Shift-Dir - straight line, f - gnoll
Aim: a gnoll, wielding a club (moderately wounded)
The zap hits the gnoll.
The gnoll is moderately wounded.
The gnoll hits you with a club!
* * * LOW HITPOINT WARNING * * *
There is a stone staircase leading up here.
There is a stone staircase leading up here.
There is a stone staircase leading up here.
The gnoll hits you with a club.
* * * LOW HITPOINT WARNING * * *
There is a stone staircase leading up here.
You see here a spear.
The gnoll hits you with a club.
You die...

####### ########...).#
#...).)...##.# ##
#.....g..#.#.########.
#.###@##.......)......
#.##..##.####...#.
##.##..##.# #....<.
.......##.# ##...#.
#.##.....# ##.##.
#.###.###.#### #.##.
#.........# #.###
#####.##### ##'## #.#
####...##


You could see a gnoll.

Vanquished Creatures
  An ogre (D:3)
  A howler monkey (D:3)
  7 gnolls (D:3)
  3 adders
  An ooze (D:1)
  4 worms
  2 dart slugs
  A leopard gecko (D:3)
  2 ball pythons (D:1)
  9 bats
  4 giant cockroaches
  8 goblins
  12 hobgoblins
  28 jackals
  2 frilled lizards (D:2)
  8 kobolds
  7 rats
100 creatures vanquished.

Vanquished Creatures (others)
  A plant (D:3)
1 creature vanquished.

Grand Total: 101 creatures vanquished

Notes
Turn   | Place    | Note
-------+----------+-------------------------------------------
     0 | D:1      | Linguinho the Draconian Air Elementalist began the quest for the Orb.
     0 | D:1      | Reached XP level 1. HP: 14/14 MP: 3/3
    84 | D:1      | Reached XP level 2. HP: 19/20 MP: 1/5
   563 | D:1      | Reached XP level 3. HP: 23/26 MP: 1/6
  1208 | D:2      | Reached XP level 4. HP: 20/34 MP: 3/7
  1383 | D:2      | Reached skill level 1 in Maces & Flails
  1750 | D:2      | Reached skill level 4 in Air Magic
  1951 | D:3      | Reached skill level 1 in Fighting
  2023 | D:3      | Reached XP level 5. HP: 33/40 MP: 6/9
  2030 | D:3      | Noticed Jazqa's ghost (amateur BaFi)
  2221 | D:2      | Learned a level 2 spell: Swiftness
  2225 | D:2      | Learned a level 3 spell: Static Discharge
  2553 | D:3      | Noticed an ogre
  2562 | D:3      | Killed an ogre
  2956 | D:3      | Reached XP level 6. HP: 47/47 MP: 6/11
  3602 | D:3      | HP: 1/47 [gnoll/club (9)]
  3625 | D:3      | HP: 1/47 [gnoll/club (4)]
  3647 | D:3      | Slain by a gnoll

Skill      XL: |  1  2  3  4  5 |
---------------+----------------+-----
Dodging        | 2 |  2.0
Maces & Flails | 1 |  1.7
Air Magic      | 4 |  4.8
Fighting       | 1 |  1.5
Conjurations   | 2 |  2.8
Spellcasting   | 3 |  3.4
Stealth        | |  1.7
Unarmed Combat | |  0.4

Action                   |  1- 3 |  4- 6 || total
-------------------------+-------+-------++-------
Melee: Unarmed           |    38 |       ||    38
       Tailslap          |     9 |     9 ||    18
       Club              |    93 |    84 ||   177
 Cast: Shock             |    56 |   109 ||   165
       Static Discharge  |       |     5 ||     5
       Swiftness         |       |     2 ||     2
 Stab: Sleeping          |     1 |     1 ||     2
  Eat: Chunk             |     2 |     3 ||     5
       Bread ration      |       |     1 ||     1
Armor: Skin              |    99 |    88 ||   187
Dodge: Dodged            |   157 |   158 ||   315
